 Dungeon Crawl Stone Soup version 0.26-a0-651-gb41185065b (webtiles) character file.

Game seed: 6748769977304401760

(classic levelgen) 0 EnegeticOcto the Sneak (level 1, -1/18 HPs)
             Began as a Deep Dwarf Delver on Oct 23, 2020.
             Was an Initiate of Hepliaklqana.
             Splashed by a jelly's acid (3 damage)
             ... on level 5 of the Dungeon.
             The game lasted 00:00:35 (87 turns).

EnegeticOcto the Sneak (Deep Dwarf Delver)            Turns: 87, Time: 00:00:36

Health: -1/18      AC: -1    Str: 15    XL:     1   Next: 8%
Magic:  1/1        EV: 12    Int: 10    God:    Hepliaklqana [......]
Gold:   0          SH:  0    Dex: 14    Spells: 0/0 levels left

rFire    . . .     SeeInvis .   a - +0 hand axe
rCold    . . .     Faith    .   (no shield)
rNeg     . . .     Spirit   .   b - +0 leather armour
rPois    .         Reflect  .   (no helmet)
rElec    .         Harm     .   (no cloak)
rCorr    .         Rampage  .   (no gloves)
MR       .....                  (no boots)
Stlth    +++.......             (no amulet)
HPRegen  0.00/turn              (no ring)
MPRegen  0.07/turn              (no ring)

@: corroded, non-regenerating
A: damage resistance, heal wounds, reduced essence, sense surroundings 1, no
regeneration
a: Heal Wounds, Recall Ancestor, Ancestor Identity, Renounce Religion


You were on level 5 of the Dungeon.
You worshipped Hepliaklqana.
Hepliaklqana was noncommittal.
You visited 1 branch of the dungeon, and saw 2 of its levels.

Inventory:

Hand Weapons
 a - a +0 hand axe (weapon)
Missiles
 j - a throwing net (quivered)
 k - 18 poisoned darts
Armour
 b - a +0 leather armour (worn)
 l - a +0 pair of boots
Wands
 g - a wand of digging (8) {@v3}
Scrolls
 c - a scroll of fog
 d - a scroll of magic mapping {@r5}
 e - a scroll of fear
 h - a scroll of identify {unknown}
 i - a scroll of holy word {unknown}
Potions
 f - a potion of haste {@q4}


   Skills:
 - Level 2.6 Fighting
 + Level 2.2 Axes
 - Level 2.1 Dodging
 - Level 6.0 Stealth


You couldn't memorise any spells.
You didn't know any spells.
Your spell library was empty.

Dungeon Overview and Level Annotations

Branches:
Dungeon (6/15)
 Temple: D:4-7

Altars:
Hepliaklqana


Innate Abilities, Weirdness & Mutations

You are resistant to damage.
You can heal yourself by infusing magical energy.
You passively map a small area around you.
You do not regenerate.
Your life essence is reduced to manifest your ancestor. (-10% HP)


Message History

Welcome, EnegeticOcto the Deep Dwarf Delver.
Will you prevail where others failed? Will you find the Orb of Zot?
Press ? for a list of commands and other information.
Found a scroll labeled DITHIJI NARR and a scroll labeled RATECO TOAGA.
Found a stone staircase leading down.
h - a scroll labeled DITHIJI NARR
i - a scroll labeled RATECO TOAGA
(D) Dungeon
Where to? (? - help)
There is a stone staircase leading down here.
You climb downwards.
Found a wand of digging (5).
There is a stone staircase leading up here.
Found a throwing net.
g - a wand of digging (8) {@v3} (gained 5 charges)
j - a throwing net
Found a stone staircase leading up.
There is a stone staircase leading up here.
You climb upwards.
Found a ring mail.
There is a stone staircase leading down here.
A leopard gecko skeleton comes into view.
A jelly comes into view.
Found 18 poisoned darts.
Found a hazy altar of Hepliaklqana.
A phantom comes into view.
An ufetubus comes into view.
Found a pair of boots.
The leopard gecko skeleton bites you.
The phantom blinks!
The phantom blinks!
You completely miss the leopard gecko skeleton.
The leopard gecko skeleton bites you but does no damage.
You slash the leopard gecko skeleton!
You destroy the leopard gecko skeleton!
The phantom hits you.
You barely miss the phantom. The phantom closely misses you.
The phantom hits you.
The phantom blinks!
You barely miss the phantom. The phantom barely misses you.
The phantom hits you.
You see here 18 poisoned darts.
k - 18 poisoned darts The phantom misses you.
You closely miss the phantom. The phantom hits you.
You hit the phantom but do no damage. The phantom hits you!
* * * LOW HITPOINT WARNING * * *
You fail to use your ability.
The phantom misses you.
You feel much better.
The phantom blinks!
There is a hazy altar of Hepliaklqana here.
You kneel at the altar of Hepliaklqana.
Hepliaklqana welcomes you!
Hepliaklqana forms a fragment of your life essence into the memory of your ancestor, Hamal!
You can now recall your ancestor.
You can now remember your ancestor's identity.
The jelly quivers.
You swap places.
Hamal closely misses the phantom.
You see here a pair of boots.
l - a pair of boots Hamal hits the jelly.
Hamal is burned by acid!
The phantom hits you.
You hit the phantom.
The phantom is lightly damaged.
The phantom hits you.
Something hits Hamal.
Hamal is splashed with acid.
The acid corrodes Hamal!
Hamal is destroyed!
You miss the phantom.
The phantom is lightly damaged.
The phantom hits you.
You are too injured to fight recklessly!
You feel much better.
The phantom blinks!
You hit the jelly.
Your hands burn!
The jelly is heavily wounded.
The jelly hits you but does no damage. The jelly barely misses you.
You hit the jelly.
Your hands burn!
The jelly is heavily wounded.
The jelly misses you.
You hit the jelly.
Your hands burn!
The jelly is severely wounded.
You closely miss the phantom. The jelly hits you. The acid corrodes you!
You are splashed with acid!
* * * LOW HITPOINT WARNING * * *
The phantom hits you.
* * * LOW HITPOINT WARNING * * *
You are too injured to fight recklessly!
You are too injured to fight recklessly!
You fail to use your ability.
The jelly hits you.
* * * LOW HITPOINT WARNING * * *
You are splashed with acid.
You die...

#.... ,* * * *....5.# *
* ,, +......+ ,,
#######,..... ** , *
...[..#,##.## *, ,
.....>###...## ###, *,
......##.....###.#,#⌠_,
, ......#.......#..#.##*
, .........._....J@...#
*
......#.......#W........
......##.....####.#..##.
* ..##..###...## ....# *
.. #..#,##.######......
, . ...#,
#.............. , *
.#..# #.#.###.....#,.
,.... ......., ....# *
#.##.#.### ,,


You could see a phantom and a jelly.

Vanquished Creatures
  A leopard gecko skeleton (D:5)
1 creature vanquished.

Vanquished Creatures (others)
  An ancestor (D:5)
1 creature vanquished.

Grand Total: 2 creatures vanquished

Notes
Turn   | Place    | Note
-------+----------+-------------------------------------------
     0 | D:5      | EnegeticOcto the Deep Dwarf Delver began the quest for the
                  | Orb.
     0 | D:5      | Reached XP level 1. HP: 20/20 MP: 1/1
    49 | D:5      | Found a hazy altar of Hepliaklqana.
    49 | D:5      | Noticed a jelly
    50 | D:5      | Noticed a phantom
    73 | D:5      | Became a worshipper of Hepliaklqana the Forgotten
    87 | D:5      | Splashed by a jelly's acid

Illustrated notes

Levels and vault maps discovered:
D:5:      minmay_inner_zag, layout_basic,
          grunt_temple_overflow_growth_and_decay, zin_purify, lemuel_round_altar
D:6:      layout_loops_ring, minmay_temple_entry_steel_oval, serial_park_tiny_2,
          nicolae_qazlal_style_of_elements, uniq_sigmund, uniq_menkaure

Action                   || total
-------------------------++-------
Melee: Hand axe          ||    11
 Abil: Heal Wounds       ||     2
Armor: Leather armour    ||     2
Dodge: Dodged            ||     6

Table legend: (Time is in decaauts)
 A = Elapsed time spent in this place.
 B = Non-inter-level travel time spent in this place.
 C = Inter-level travel time spent in this place.
 D = Time resting spent in this place.
 E = Time spent auto-exploring this place.
 F = Levels seen in this place.
 G = Mean time per level.
                   A        B        C        D        E       F      G
               +--------+--------+--------+--------+--------+-----+--------+
         Total |     89 |     84 |      5 |      0 |      0 |   2 |   44.5 |
       Dungeon |     89 |     84 |      5 |      0 |      0 |   2 |   44.5 |
               +--------+--------+--------+--------+--------+-----+--------+

Top non-repeatable levels by time:
     D:5: 57 daAuts
     D:6: 31 daAuts
